Map: Oxide LE

Players

Astrea - Winner!

  • Race: Protoss Protoss
  • League: Master
  • Spawn Location: 7:00

Zoun

  • Race: Protoss Protoss
  • League: Diamond
  • Spawn Location: 1:00

Event: Cheeseadelphia Winter Championship 2021

VOD

Have the link to the VOD?

Description

Time

  • Played on: Jan. 24, 2021, 12:51 p.m.
  • Length: 13:26

All games in this series

Show
View Real Time Build Order
Export as new Build Order

Astrea Protoss - Winner!

Build Orders:  

Get SALT Encoding   

  12  0:00  Probe  
  13  0:12  Probe  
  14  0:18  Pylon  
  14  0:25  Probe (Chrono Boost)  
  15  0:37  Probe (Chrono Boost)  
  15  0:38  Gateway  
  16  0:45  Probe (Chrono Boost)  
  16  0:46  Assimilator  
  17  0:51  Probe  
  17  0:56  Assimilator  
  18  1:03  Probe  
  19  1:09  Pylon  
  19  1:15  Probe  
  20  1:23  Zealot (Chrono Boost)  
  22  1:27  Probe  
  22  1:31  Cybernetics Core  
  23  1:39  Probe  
  24  1:52  Probe  
  25  1:58  Pylon  
  25  2:04  Probe  
  25  2:06  Adept (Chrono Boost)  
  28  2:10  Cybernetics Core  
  28  2:12  Warp Gate  
  28  2:16  Pylon, Probe  
  30  2:31  Sentry  
  31  2:39  Probe  
  31  2:47  Nexus  
  31  2:53  Probe  
  31  2:58  Sentry  
  34  3:06  Probe  
  35  3:18  Probe  
  34  3:20  Gateway  
  34  3:21  Robotics Facility  
  34  3:24  Sentry  
  36  3:29  Shield Battery  
  36  3:30  Probe  
  36  3:33  Pylon  
  37  3:39  Gateway  
  37  3:50  Forge  
  36  4:00  Stalker  
  38  4:05  Immortal (Chrono Boost)  
  42  4:24  Stalker x2, Photon Cannon  
  46  4:32  Photon Cannon  
  46  4:36  Pylon  
  44  4:50  Stalker x2  
  48  5:00  Gateway  
  48  5:08  Warp Prism (Chrono Boost)  
  50  5:25  Cybernetics Core  
  50  5:29  Gateway  
  50  5:34  Stalker  
  50  5:40  Observer  
  51  5:50  Pylon  
  51  6:00  Probe x2  
  51  6:03  Observer  
  53  6:09  Stalker x2  
  57  6:11  Twilight Council  
  57  6:12  Probe x2  
  59  6:24  Probe x2  
  61  6:34  Adept x2  
  61  6:36  Probe (Chrono Boost)  
  61  6:39  Stalker  
  69  6:42  Probe (Chrono Boost)  
  69  6:44  Pylon  
  69  6:46  Probe (Chrono Boost)  
  70  6:50  Probe (Chrono Boost)  
  70  6:51  Blink (Chrono Boost), Probe (Chrono Boost)  
  70  6:53  Shield Battery  
  72  7:00  Probe  
  73  7:03  Probe  
  73  7:07  Forge  
  74  7:12  Probe  
  74  7:15  Probe  
  76  7:18  Adept x3  
  82  7:25  Probe  
  82  7:27  Probe  
  84  7:34  Protoss Ground Weapons Level 1 (Chrono Boost)  
  83  7:37  Immortal (Chrono Boost), Probe  
  83  7:39  Probe  
  86  7:46  Assimilator  
  86  7:47  Assimilator  
  86  7:48  Pylon x2  
  86  7:49  Pylon  
  86  8:06  Probe  
  86  8:08  Gateway  
  86  8:10  Adept x2  
  86  8:11  Pylon  
  86  8:12  Stalker  
  93  8:16  Pylon  
  92  8:49  Nexus  
  92  8:59  Probe  
  92  9:00  Pylon, Probe  
  90  9:06  Observer  
  89  9:11  Probe  
  89  9:12  Probe  
  89  9:13  Stalker  
  89  9:14  Stalker x3  
  79  9:17  Charge (Chrono Boost)  
  95  9:19  Shield Battery  
  95  9:24  Probe  
  96  9:27  Immortal  
  100  9:31  Templar Archives  
  100  9:38  Gateway  
  100  9:39  Gateway  
  100  9:42  Sentry  
  100  9:43  Sentry, Stalker x2  
  108  9:47  Shield Battery  
  108  10:05  Immortal  
  108  10:06  Stalker x4  
  120  10:30  Zealot x2, High Templar x2  
  120  10:34  Archon  
  120  10:35  Zealot x2  
  130  10:45  Pylon x2  
  130  10:48  Immortal (Chrono Boost)  
  134  10:53  High Templar x2, Observer  
  138  10:58  Archon  
  138  11:01  Zealot x2  
  138  11:02  Zealot x2  
  146  11:06  Pylon  
  146  11:08  Pylon x2  
  146  11:17  Zealot x3  
  152  11:22  Zealot  
  152  11:24  Observer  
  156  11:29  Warp Prism (Chrono Boost)  
  156  11:31  Observer  
  154  11:35  High Templar x2  
  154  11:38  Gateway  
  158  11:40  Archon, Gateway  
  158  11:41  Zealot x2  
  160  11:58  Observer (Chrono Boost)  
  157  12:08  Zealot x3  
  157  12:09  Zealot x3  
  169  12:26  Nexus  
  169  12:32  Zealot x7  
  177  12:48  Pylon  
  177  12:49  Pylon  
  177  12:54  Zealot x7  
  177  12:55  Zealot  
  135  13:15  Stalker x3  
Show
View Real Time Build Order
Export as new Build Order

Zoun Protoss 

Build Orders: Proxy Void Ray 

Get SALT Encoding   

  12  0:00  Probe  
  13  0:12  Probe  
  14  0:17  Pylon  
  14  0:24  Probe (Chrono Boost)  
  15  0:36  Probe (Chrono Boost)  
  15  0:39  Gateway  
  16  0:44  Probe (Chrono Boost)  
  16  0:48  Assimilator  
  17  0:51  Probe  
  18  1:03  Probe  
  19  1:04  Assimilator  
  19  1:07  Pylon  
  19  1:15  Probe  
  20  1:26  Cybernetics Core  
  20  1:27  Zealot  
  20  1:28  Probe (Chrono Boost)  
  24  1:40  Probe (Chrono Boost)  
  24  1:45  Pylon  
  24  1:46  Probe  
  25  1:59  Probe  
  25  2:00  Pylon  
  26  2:03  Stalker (Chrono Boost)  
  26  2:05  Warp Gate  
  28  2:13  Probe  
  29  2:25  Probe  
  30  2:31  Stargate  
  30  2:37  Stalker  
  32  2:50  Gateway  
  32  2:51  Gateway  
  30  3:08  Void Ray (Chrono Boost)  
  34  3:20  Pylon  
  33  3:38  Void Ray  
  33  3:40  Shield Battery  
  37  3:52  Shield Battery  
  37  3:59  Stalker x2  
  41  4:09  Stalker  
  41  4:25  Stalker x2  
  41  4:30  Pylon  
  45  4:41  Stalker  
  43  4:52  Stalker  
  41  4:57  Zealot  
  43  5:01  Void Ray  
  41  5:14  Zealot  
  47  5:23  Stalker  
  49  5:29  Probe  
  50  5:44  Sentry  
  52  5:52  Nexus  
  52  5:56  Probe  
  53  5:58  Sentry  
  55  6:06  Pylon  
  55  6:23  Robotics Facility  
  55  6:24  Probe  
  56  6:32  Adept x2  
  58  6:36  Probe  
  61  6:44  Pylon  
  61  6:47  Shield Battery  
  61  6:48  Probe  
  62  7:00  Probe (Chrono Boost)  
  63  7:04  Shield Battery  
  63  7:07  Probe (Chrono Boost)  
  64  7:13  Observer, Probe (Chrono Boost)  
  67  7:16  Probe (Chrono Boost)  
  67  7:19  Probe (Chrono Boost)  
  67  7:21  Probe (Chrono Boost)  
  68  7:24  Adept x3  
  71  7:38  Probe (Chrono Boost)  
  71  7:40  Immortal  
  71  7:42  Probe (Chrono Boost)  
  77  7:50  Probe (Chrono Boost)  
  78  7:54  Twilight Council, Probe (Chrono Boost)  
  78  7:55  Probe (Chrono Boost)  
  80  8:01  Forge  
  80  8:06  Probe x2  
  80  8:08  Sentry, Assimilator, Pylon  
  84  8:18  Probe  
  85  8:22  Pylon  
  85  8:25  Pylon, Blink (Chrono Boost)  
  85  8:35  Pylon  
  85  8:38  Pylon  
  85  8:43  Immortal (Chrono Boost)  
  85  8:58  Probe x2  
  85  9:02  Protoss Ground Weapons Level 1 (Chrono Boost)  
  85  9:14  Probe x2  
  85  9:16  Warp Prism (Chrono Boost)  
  85  9:23  Sentry, Stalker  
  91  9:25  Gateway  
  91  9:27  Gateway  
  91  9:29  Stalker  
  93  9:40  Nexus  
  93  9:43  Pylon  
  93  9:48  Sentry  
  93  9:50  Stalker  
  97  9:54  Observer  
  97  9:56  Probe x2  
  100  10:10  Stalker  
  100  10:12  Stalker  
  100  10:13  Stalker  
  106  10:20  Probe  
  106  10:21  Probe  
  108  10:24  Stalker  
  108  10:25  Stalker  
  112  10:30  Pylon  
  112  10:42  Stalker x3  
  118  10:50  Probe x2  
  120  10:57  Probe  
  120  11:03  Probe  
  126  11:06  Probe  
  126  11:09  Pylon, Probe  
  124  11:14  Charge  
  124  11:15  Probe  
  124  11:17  Gateway, Observer  
  125  11:24  Gateway, Observer  
  125  11:35  Stalker x4  
  133  11:44  Shield Battery  
  133  11:46  Shield Battery  
  133  11:49  Probe x3  
  133  11:50  Assimilator  
  136  11:55  Assimilator  
  135  12:01  Probe x2  
  135  12:02  Templar Archives  
  135  12:03  Pylon  
  129  12:09  Probe  
  129  12:12  Stalker x2  
  129  12:13  Probe  
  131  12:19  Pylon  
  131  12:21  Zealot x4  
  139  12:26  Stalker  
  141  12:38  Zealot x2  
  145  12:48  Stalker x4  
  123  13:00  Zealot x2  
  85  13:13  Zealot x4  
Tags
 
Add a new tag
Caveats
  • Supply blocks, unpowered buildings, or Contaminate may cause inaccurate times.
  • Supply counts are checked every 10 seconds.